 Dungeon Sprint DCSS version 0.28-a0-194-g42b4daccc1 (webtiles) character file.

Game seed: 1782968024106303554

11088 MikeHunt the Destroyer (level 11, -2/101 HPs)
             Began as a Demigod Conjurer on Aug 18, 2021.
             Succumbed to a death drake's dark miasma
             ... in the Dungeon (Sprint III: "The Ten Rune Challenge").
             The game lasted 00:15:58 (2792 turns).

MikeHunt the Destroyer (Demigod Conjurer)           Turns: 2792, Time: 00:15:58

Health: -2/101     AC:  3    Str: 10    XL:     11   Next: 21%
Magic:  20/30      EV: 16    Int: 32    God:
Gold:   1674       SH:  0    Dex: 12    Spells: 13/32 levels left

rFire   . . .      SeeInvis .   g - +4 great sword (elec)
rCold   . . .      Faith    .   (shield currently unavailable)
rNeg    . . .      Spirit   .   a - +0 robe
rPois   .          Reflect  .   (no helmet)
rElec   .          Harm     .   (no cloak)
rCorr   .          Rampage  .   (no gloves)
Will    +....      NoTele   +   h - +0 pair of boots
Stlth   +++.......              (no amulet)
HPRegen 0.26/turn               (no ring)
MPRegen 0.22/turn               (no ring)

@: lethally poisoned (-2 -> -88), slowed, very slow
A: high mp 1, forlorn, strong 1, sturdy frame 1
a: no special abilities


You were in the Dungeon.
You visited 1 branch You collected 1842 gold pieces.
You spent 168 gold pieces at shops.

Inventory:

Hand Weapons
 g - a +4 great sword of electrocution (weapon)
 n - a +1 long sword of holy wrath
Missiles
 q - 4 javelins
Armour
 a - a +0 robe (worn)
 h - a +0 pair of boots (worn)
 r - a +0 scale mail
Wands
 o - a wand of digging (5)
Scrolls
 d - a scroll of blinking
 j - 2 scrolls of torment
 k - a scroll of identify
 m - a scroll of enchant weapon {unknown}
Potions
 b - 2 potions of curing
 c - a potion of heal wounds
 e - a potion of magic
 f - 2 potions of berserk rage
 i - 2 potions of mutation
 l - 2 potions of flight
 p - a potion of might


   Skills:
 - Level 10.3 Fighting
 + Level 6.8 Long Blades
 - Level 11.3 Dodging
 - Level 5.0 Stealth
 - Level 11.2 Spellcasting
 - Level 11.6 Conjurations
 - Level 6.7 Hexes
 - Level 3.0 Translocations
 - Level 7.0 Fire Magic
 - Level 7.0 Earth Magic


You had 13 spell levels left.
You knew the following spells:

 Your Spells              Type           Power      Damage    Failure   Level
a - Dazzling Flash        Conj/Hex       100%       N/A       1%          3
d - Iskenderun's Mystic   Conj/Tloc      59%        2d12      1%          4
e - Magic Dart            Conj           100%       1d8       1%          1
g - Bolt of Magma         Conj/Fire/Erth 32%        4d14      2%          5
r - Searing Ray           Conj           100%       3d7       1%          2
t - Fulminant Prism       Conj/Hex       33%        3d16      1%          4

Your spell library contained the following spells:

 Spells                   Type           Power      Damage    Failure   Level
 Mephitic Cloud           Conj/Pois/Air  42%        N/A       1%          3
 Ignite Poison            Fire/Tmut/Pois 32%        N/A       3%          3


Dungeon Overview and Level Annotations

Branches:
Dungeon (1/1)

Shops:
D ?


Innate Abilities, Weirdness & Mutations

Your attributes grow dramatically as you level up.
You have an increased reservoir of magic. (+10% MP)
You shall have no god before yourself.
Your muscles are strong. (Str +2)
Your movements are slightly less encumbered by armour. (ER -2)


Message History

Magic restored.
There is an open door here.
You start resting.
HP restored.
You enter the shallow water.
Moving in this stuff is going to be slow.
Found a spear.
A death drake comes into view.
The death drake hisses angrily.
The death drake breathes miasma at you. The foul vapour engulfs you!
You are poisoned.
You open the door.
You are engulfed in dark miasma.
You are more poisoned.
You feel extremely sick.
You close the door.
You are engulfed in dark miasma.
You are more poisoned.
You feel extremely sick.
Casting: Searing Ray (safe; 1% risk of failure)
Confirm with . or Enter, or press ? or * to list all spells.
Aiming: Bolt of Magma (dangerous; 2% risk of failure)
Press: ? - help, Shift-Dir - straight line, f - death drake
Aim: a death drake (foul pestilence, 57% to hit)
The bolt of magma hits the death drake!!!
The death drake is heavily wounded.
You are engulfed in dark miasma.
You are lethally poisoned!
You feel yourself slow down.
You feel extremely sick. The death drake bites you.
Casting: Bolt of Magma (dangerous; 2% risk of failure)
Confirm with . or Enter, or press ? or * to list all spells.
Aiming: Bolt of Magma (dangerous; 2% risk of failure)
Press: ? - help, Shift-Dir - straight line, f/p - death drake
Aim: a death drake (heavily wounded, 57% to hit)
The bolt of magma misses the death drake.
You are engulfed in dark miasma.
You are more poisoned.
* * * LOW HITPOINT WARNING * * *
You die...

.†.#.≈♣♣♣♣♣♣♣♣♣♣♣♣♣♣♣♣PP##.#.#.##
..♣#..♣♣ ♣♣♣##+#####* .♣
###'♣♣♣♣♣♣♣♣♣♣♣♣♣♣♣***,,,+,≈≈≈ ♣
♣♣♣♣.##.†##≈≈≈≈≈≈..#,,*,,,*,≈≈≈
♣...##.##.#≈≈≈≈≈.§.#,,*,,,*,*≈≈
♣♣.##.##.##'≈≈≈≈§####+*****,*,≈
♣..#.##..÷#≈≈.....°),*,,,,,*** **
♣♣†##.##..#≈..+####***,,,,,*,* ,*
♣♣.##.#####○k@#,,,,,,*,,,,,*+* ,*
♣.....##......#***,_,*,,,,,*,, **
########+######*******+*****,,
*,,,,,,,,,,,,**,,,,,+,,
*≈≈,,,,,,,,≈≈**,******* * ******
*≈≈≈,,,,,,≈≈≈**,*,,,,,, * *,,,,*
*≈≈≈≈≈,,≈≈≈≈≈**,*,,,,,, * *,,,,*
*≈≈≈≈≈≈≈≈≈≈≈≈**,*,,,,,* * *,,,,*
*≈≈≈≈≈≈≈≈≈≈≈≈**,*,,,***


You could see a death drake.

Vanquished Creatures
  Snorg (D)
  2 hydras (D)
  A centaur warrior (D)
  Urug (D)
  An orc high priest (D)
  2 orc knights (D)
  A lindwurm (D)
  A deep elf pyromancer (D)
  2 orc sorcerers (D)
  2 cane toads (D)
  A rime drake (D)
  2 unseen horrors (D)
  A komodo dragon (D)
  3 wandering mushrooms (D)
  2 tyrant leeches (D)
  3 redbacks (D)
  A shadow (D)
  A spatial vortex (D)
  A swamp drake (D)
  An orc warrior (D)
  A necrophage (D)
  2 centaurs (D)
  An earth elemental (D)
  A scorpion (D)
  A water elemental (D)
  An electric eel (D)
  A jelly (D)
  Jessica (D)
  A wizard (D)
  A necromancer (D)
  4 orc wizards (D)
  3 humans (D)
  A kobold demonologist (D)
  8 orcs (D)
  3 rats (D)
60 creatures vanquished.

Vanquished Creatures (others)
  22 fulminant prisms (D)
22 creatures vanquished.

Grand Total: 82 creatures vanquished

Notes
Turn   | Place    | Note
-------+----------+-------------------------------------------
     0 | D        | MikeHunt the Demigod Conjurer began the quest for the Orb.
     0 | D        | Reached XP level 1. HP: 14/14 MP: 5/5
    46 | D        | Noticed Jessica
    50 | D        | Killed Jessica
    51 | D        | Reached skill level 5 in Conjurations
    51 | D        | Reached XP level 2. HP: 20/20 MP: 2/9
    66 | D        | Learned a level 2 spell: Searing Ray
   117 | D        | Noticed a scorpion
   126 | D        | Killed a scorpion
   127 | D        | Reached skill level 5 in Spellcasting
   127 | D        | Reached XP level 3. HP: 26/26 MP: 6/12
   127 | D        | Reached XP level 4. HP: 33/33 MP: 7/14
   132 | D        | Learned a level 3 spell: Dazzling Flash
   197 | D        | Gained mutation: Your movements are slightly less
                  | encumbered by armour. (ER -2) [potion of mutation]
   197 | D        | Gained mutation: Your muscles are strong. (Str +2) [potion
                  | of mutation]
   215 | D        | Reached skill level 1 in Hexes
   286 | D        | Noticed a water elemental
   290 | D        | Killed a water elemental
   300 | D        | Learned a level 4 spell: Fulminant Prism
   338 | D        | Noticed a deep elf pyromancer
   343 | D        | Killed a deep elf pyromancer
   344 | D        | Reached XP level 5. HP: 31/38 MP: 5/19
   344 | D        | Reached XP level 6. HP: 37/45 MP: 5/20
   437 | D        | Reached skill level 1 in Fighting
   437 | D        | Reached XP level 7. HP: 52/52 MP: 15/22
   482 | D        | Learned a level 5 spell: Bolt of Magma
   500 | D        | Reached skill level 1 in Fire Magic
   500 | D        | Reached skill level 1 in Earth Magic
   542 | D        | Noticed a human
   542 | D        | Killed a human
   542 | D        | Killed a human
   571 | D        | Killed a shadow
   572 | D        | Reached skill level 1 in Long Blades
   636 | D        | Reached skill level 5 in Stealth
   636 | D        | Reached XP level 8. HP: 66/66 MP: 16/24
   689 | D        | Noticed Snorg
   691 | D        | Found Gumuhoci's Magic Scroll Shoppe.
   691 | D        | Noticed an orc high priest
   692 | D        | Noticed an orc sorcerer
   722 | D        | Killed an orc high priest
   723 | D        | Reached skill level 5 in Fire Magic
   723 | D        | Reached skill level 5 in Earth Magic
   723 | D        | Reached skill level 10 in Conjurations
   732 | D        | Killed an orc sorcerer
   754 | D        | Learned a level 4 spell: Iskenderun's Mystic Blast
   833 | D        | Reached XP level 9. HP: 71/71 MP: 8/25
   844 | D        | Noticed an orc sorcerer
   848 | D        | Killed an orc sorcerer
   849 | D        | Reached skill level 5 in Dodging
   853 | D        | Noticed an orc knight
   991 | D        | Killed an orc knight
   992 | D        | Reached skill level 5 in Fighting
  1008 | D        | Killed Snorg
  1216 | D        | Noticed an orc knight
  1219 | D        | Killed an orc knight
  1349 | D        | Bought a scroll of identify for 26 gold pieces
  1349 | D        | Bought a scroll of blinking for 97 gold pieces
  1349 | D        | Bought a scroll of magic mapping for 45 gold pieces
  1378 | D        | Reached skill level 10 in Dodging
  1378 | D        | Reached XP level 10. HP: 53/83 MP: 15/26
  1521 | D        | Noticed a centaur warrior
  1530 | D        | Killed a centaur warrior
  1820 | D        | Reached skill level 10 in Spellcasting
  2368 | D        | Noticed a lindwurm
  2372 | D        | Killed a lindwurm
  2373 | D        | Reached skill level 10 in Fighting
  2455 | D        | Noticed Urug
  2458 | D        | Killed Urug
  2459 | D        | Reached XP level 11. HP: 84/101 MP: 5/30
  2531 | D        | Noticed a six-headed hydra
  2531 | D        | Noticed a four-headed hydra
  2539 | D        | Killed a four-headed hydra
  2540 | D        | Reached skill level 5 in Long Blades
  2595 | D        | Killed a six-headed hydra
  2788 | D        | Noticed a death drake
  2792 | D        | Succumbed to a death drake's dark miasma

Illustrated notes

Levels and vault maps discovered:
D:        dungeon_sprint_mu [sprint_mu_entry_forest, sprint_mu_temple_rooms,
          sprint_mu_d1_horrors, sprint_mu_d2_genie, sprint_mu_d3_branching,
          sprint_mu_orc_legion, sprint_mu_elf_gauntlet, sprint_mu_hive_nellie,
          sprint_mu_lair_fedhas, sprint_mu_vaults_butterflies,
          sprint_mu_slime_circle, sprint_mu_swamp_cave, sprint_mu_shoals_kraken,
          sprint_mu_blade_basic, sprint_mu_crypt_chambers,
          sprint_mu_tomb_spiral, sprint_mu_vestibule_basic,
          sprint_mu_gehenna_hellfire, sprint_mu_dis_giant,
          sprint_mu_tartarus_statrot, sprint_mu_cocytus_islands, sprint_mu_zot1]

Skill      XL: |  1  2  3  4  5  6  7  8  9 10 11 |
---------------+----------------------------------+-----
Spellcasting   | 3 5 8 11 | 11.2
Conjurations   | 5 6 9 11 | 11.6
Hexes          | 6 |  6.7
Fighting       | 1 4 6 10 | 10.3
Dodging        | 2 4 10 11 | 11.3
Stealth        | 2 5 |  5.0
Fire Magic     | 3 6 7 |  7.0
Earth Magic    | 3 6 7 |  7.0
Long Blades    | 1 2 6 |  6.8
Translocations | 3 |  3.0

Action                   |  1- 3 |  4- 6 |  7- 9 | 10-12 || total
-------------------------+-------+-------+-------+-------++-------
Melee: Unarmed           |     1 |       |       |       ||     1
       Long sword        |       |       |       |     2 ||     2
 Cast: Magic Dart        |     8 |     3 |    10 |       ||    21
       Searing Ray       |     1 |     6 |    16 |     9 ||    32
       Fulminant Prism   |       |     2 |    15 |     5 ||    22
       Bolt of Magma     |       |       |    11 |    32 ||    43
       Dazzling Flash    |       |       |     1 |       ||     1
       Iskenderun's Myst |       |       |       |     1 ||     1
  Use: Potion            |       |     1 |     4 |       ||     5
       Scroll            |       |       |     3 |       ||     3
Armor: Robe              |       |     1 |     1 |     3 ||     5
Dodge: Dodged            |     1 |       |     7 |    10 ||    18
       Rpst.: Long sword |       |       |     3 |     2 ||     5

Table legend: (Time is in decaauts)
 A = Elapsed time spent in this place.
 B = Non-inter-level travel time spent in this place.
 C = Inter-level travel time spent in this place.
 D = Time resting spent in this place.
 E = Time spent auto-exploring this place.
 F = Levels seen in this place.
 G = Mean time per level.
                   A        B        C        D        E       F      G
               +--------+--------+--------+--------+--------+-----+--------+
         Total |   2799 |   2799 |      0 |   1895 |    164 |   1 | 2799.0 |
       Dungeon |   2799 |   2799 |      0 |   1895 |    164 |   1 | 2799.0 |
               +--------+--------+--------+--------+--------+-----+--------+

Top non-repeatable levels by time:
       D: 2799 daAuts
